 Dungeon Crawl Stone Soup version 0.24.0-37-gcf1ca852f1 (webtiles) character file.

Game seed: 16980781956654062414, levelgen mode: deterministic

456 McKennaii the Chopper (level 6, -1/47 HPs)
             Began as a Demonspawn Fighter on Nov 26, 2019.
             Slain by a centaur skeleton (3 damage)
             ... on level 4 of the Dungeon.
             The game lasted 00:06:29 (3618 turns).

McKennaii the Chopper (Demonspawn Fighter)          Turns: 3618, Time: 00:06:30

Health: -1/47      AC:  9    Str: 18    XL:     6   Next: 77%
Magic:  6/6        EV:  7    Int: 10    God:
Gold:   123        SH:  9    Dex: 12    Spells: 5/5 levels left

rFire    + . .     SeeInvis .   a - +0 war axe
rCold    + . .     Gourm    .   c - +0 shield
rNeg     . . .     Faith    .   b - +0 scale mail
rPois    .         Spirit   .   (no helmet)
rElec    .         Reflect  .   k - scarf {rC+ rF+}
rCorr    .         Harm     .   q - +0 pair of gloves
MR       .....                  i - +0 pair of boots
Stlth    ..........             (no amulet)
HPRegen  0.15/turn              (no ring)
MPRegen  0.10/turn              (no ring)

@: no status effects
A: claws 1, powered by death 1
a: no special abilities


You were on level 4 of the Dungeon.
You were not hungry.

You visited 1 branch of the dungeon, and saw 4 of its levels.

You collected 123 gold pieces.

Inventory:

Hand Weapons
 a - a +0 war axe (weapon)
Armour
 b - a +0 scale mail (worn)
 c - a +0 shield (worn)
 i - a +0 pair of boots (worn)
 k - a scarf of resistance (worn)
 q - a +0 pair of gloves (worn)
Scrolls
 e - 5 scrolls of identify
 g - 2 scrolls of remove curse {unknown}
 h - 2 scrolls of blinking {unknown}
 j - a scroll of fog {unknown}
 n - 4 scrolls of magic mapping {unknown}
 o - a scroll of amnesia {unknown}
 p - a scroll of teleportation {unknown}
Potions
 d - a potion of might
 m - a potion of ambrosia {unknown}
Comestibles
 f - 2 rations
 r - 8 chunks of flesh


   Skills:
 + Level 3.4 Fighting
 * Level 5.5 Axes
 + Level 3.6 Armour
 + Level 0.7 Dodging
 + Level 3.3 Shields


You had 5 spell levels left.
You didn't know any spells.
Your spell library was empty.

Dungeon Overview and Level Annotations

Branches:
Dungeon (4/15)
 Temple: D:4-7

Altars:
Dithmenos


Innate Abilities, Weirdness & Mutations

You have sharp fingernails.
You regenerate a little health from kills.


Message History

You butcher the gnoll corpse. x2
r - 4 chunks of flesh;
r - 8 chunks of flesh (gained 4)
Things that are here:
a +0 flail; a gnoll skeleton x2
Okay, then.
You see here a worker ant corpse.
A centaur skeleton comes into view.
You see here a viscous yellow potion.
Items here: )) ÷ † a +0 flail; a +0 spear; a gnoll corpse; a gnoll skeleton The centaur skeleton hits you.
* * * LOW HITPOINT WARNING * * *
Found a scroll of identify.
You hit the centaur skeleton but do no damage.
The centaur skeleton hits you but does no damage.
The centaur skeleton hits you.
* * * LOW HITPOINT WARNING * * *
It was a potion of magic.
Magic courses through your body. The centaur skeleton hits you.
You die...

##.............#
..<.#.<..####..#
#.........##†.# ..
#.........##))##....
#.........##...>.....
#(..#...#.###.###.....
#..#.#...#.# #.# ....
.#.. #...#.# #Z# ###
... #####.# #@# .#
#......# .# ####.#.#
.# ?. ... ##


You could see a centaur skeleton.

Vanquished Creatures
  2 jellies (D:2)
  2 orc wizards (D:3)
  2 orc priests (D:3)
  Crazy Yiuf (D:2)
  A worker ant (D:4)
  4 adders
  4 gnolls (D:4)
  10 oozes
  3 worms
  A dart slug (D:1)
  A leopard gecko (D:1)
  14 orcs (D:3)
  4 giant cockroaches
  7 goblins
  7 hobgoblins
  6 jackals
  14 kobolds
  A ball python (D:3)
  7 bats
  3 frilled lizards
  2 rats (D:3)
96 creatures vanquished.

Vanquished Creatures (others)
  5 fungi (D:2)
  5 toadstools (D:2)
10 creatures vanquished.

Grand Total: 106 creatures vanquished

Notes
Turn   | Place    | Note
-------+----------+-------------------------------------------
     0 | D:1      | McKennaii the Demonspawn Fighter began the quest for the
                  | Orb.
     0 | D:1      | Reached XP level 1. HP: 18/18 MP: 1/1
    76 | D:1      | Gained mutation: You have sharp fingernails. [demonic
                  | ancestry]
    76 | D:1      | Reached XP level 2. HP: 24/24 MP: 2/2
   309 | D:1      | Reached skill level 2 in Axes
   569 | D:2      | Gained mutation: You regenerate a little health from kills.
                  | [demonic ancestry]
   569 | D:2      | Reached XP level 3. HP: 29/29 MP: 3/3
   639 | D:2      | Found a shadowy altar of Dithmenos.
   709 | D:2      | Found a runed translucent door.
   710 | D:2      | Noticed Crazy Yiuf
  1616 | D:2      | Reached XP level 4. HP: 35/35 MP: 4/4
  1622 | D:2      | Reached skill level 3 in Axes
  1917 | D:2      | Reached skill level 4 in Axes
  1917 | D:2      | Reached XP level 5. HP: 4/41 MP: 5/5
  2313 | D:2      | Killed Crazy Yiuf
  2924 | D:3      | Reached XP level 6. HP: 34/47 MP: 6/6
  3188 | D:3      | Reached skill level 5 in Axes
  3617 | D:4      | HP: 2/47 [centaur skeleton (2)]
  3618 | D:4      | Slain by a centaur skeleton

Levels and vault maps discovered:
D:1:      lemuel_arrival_muddy, layout_rooms
D:2:      cheibrodos_fertilizer, layout_basic, first_ration,
          kennysheep_cross_room, nicolae_dithmenos_shadow_blocks,
          uniq_crazy_yiuf_cottage
D:3:      layout_basic, chequers_jeans, bh_walls_and_bars
D:4:      layout_loops_ring

Skill      XL: |  1  2  3  4  5  6 |
---------------+-------------------+-----
Axes           | 2 4 5 |  5.5
Armour         | 3 |  3.6
Shields        | 3 |  3.3
Fighting       | |  3.4
Dodging        | |  0.7

Action                   |  1- 3 |  4- 6 || total
-------------------------+-------+-------++-------
Melee: War axe           |   142 |   243 ||   385
  Use: Scroll            |     2 |       ||     2
       Potion            |       |     2 ||     2
  Eat: Chunk             |     1 |     5 ||     6
       Ration            |       |     1 ||     1
Armor: Scale mail        |    86 |   106 ||   192
       Skin              |       |     5 ||     5
Dodge: Dodged            |    75 |    73 ||   148
Block: Shield            |    86 |   146 ||   232
